 Dungeon Crawl Stone Soup version 0.22.0-25-g7663229 (webtiles) character file.

9663 Loudmushroom the Cleaver (level 11, -1/96 (97) HPs)
             Began as a Minotaur Fighter on Aug 20, 2018.
             Was an Elder of Makhleb.
             Killed from afar by Josephine (35 damage)
             ... with a ghostly fireball
             ... on level 10 of the Dungeon.
             The game lasted 00:56:11 (12182 turns).

Loudmushroom the Cleaver (Minotaur Fighter)        Turns: 12182, Time: 00:56:12

HP:   -1/96 (97)    AC: 15    Str: 22    XL:     11   Next: 26%
MP:   13/13         EV:  5    Int:  5    God:    Makhleb [****..]
Gold: 572           SH: 11    Dex: 12    Spells: 10/10 levels left

rFire    . . .     SeeInvis +   a - +2 war axe
rCold    . . .     Gourm    .   c - +0 shield
rNeg     . . .     Faith    +   B - +0 plate armour (curse)
rPois    +         Spirit   .   (helmet restricted)
rElec    .         Reflect  .   t - +0 cloak
rCorr    .         Harm     .   (no gloves)
MR       .....                  (no boots)
Stlth    ..........             y - amulet of faith
HPRegen  0.26/turn              l - ring of poison resistance
MPRegen  0.13/turn              P - ring of see invisible

@: slowed, heavily drained, very slow
A: retaliatory headbutt, horns 2
a: Minor Destruction, Lesser Servant of Makhleb, Major Destruction, Renounce
Religion


You were on level 10 of the Dungeon.
You worshipped Makhleb.
Makhleb was greatly pleased with you.
You were not hungry.

You visited 2 branches of the dungeon, and saw 12 of its levels.
You also visited: Ossuary.

You collected 852 gold pieces.
You spent 280 gold pieces at shops.

Inventory:

Hand Weapons
 a - a +2 war axe (weapon)
 b - a +0 hunting sling
 G - a +0 shortbow
 H - a +0 dire flail
Missiles
 e - 336 stones
 h - 188 arrows
 i - 113 sling bullets
 m - 12 javelins (quivered)
 r - 78 bolts
 D - 16 poisoned needles
 M - 7 tomahawks
Armour
 c - a +0 shield (worn)
 t - a +0 cloak (worn)
 B - a cursed +0 plate armour (worn)
 J - a +2 scale mail of fire resistance
Jewellery
 l - a ring of poison resistance (left hand)
 n - an uncursed ring of poison resistance
 y - an amulet of faith (around neck)
 O - an uncursed ring of stealth
 P - a ring of see invisible (right hand)
Wands
 A - a wand of clouds (5)
 E - a wand of digging (6)
 F - a wand of disintegration (16)
 Q - a wand of enslavement (15)
 R - a wand of polymorph (9)
Scrolls
 g - a scroll of magic mapping
 j - 3 scrolls of blinking
 k - 5 scrolls of identify
 o - 3 scrolls of immolation
 q - 4 scrolls of remove curse
 u - 3 scrolls of fear
 v - 9 scrolls of teleportation
 C - 2 scrolls of fog
Potions
 d - 5 potions of might
 p - 5 potions of flight
 s - 6 potions of curing
 w - a potion of berserk rage
 x - a potion of cancellation
 z - 3 potions of resistance
 I - 2 potions of heal wounds
 L - 3 potions of haste
 N - a potion of agility
Comestibles
 f - 10 rations
 S - 2 chunks of flesh


   Skills:
 + Level 9.6(8.2) Fighting
 * Level 12.4(10.9) Axes
 + Level 9.5(8.1) Armour
 + Level 9.5(8.1) Shields
 + Level 4.3(3.1) Invocations
 + Level 4.1(2.9) Evocations


You had 10 spell levels left.
You didn't know any spells.
Your spell library contained the following spells:

 Spells                   Type           Power        Failure   Level  Hunger
 Magic Dart               Conj           #...         100%        1    ##.....
 Blink                    Tloc           N/A          100%        2    ###....
 Call Imp                 Summ           #.......     100%        2    ###....
 Slow                     Hex            #.......     100%        2    ###....
 Conjure Flame            Conj/Fire      #.......     100%        3    ####...
 Mephitic Cloud           Conj/Pois/Air  #.......     100%        3    ####...


Dungeon Overview and Level Annotations

Branches:
Dungeon (11/15)            Temple (1/1) D:4            Lair (0/6) D:9
    Orc (0/2) D:10

Altars:
Ashenzari
Cheibriados
Dithmenos
Elyvilon
Fedhas
Gozag
Hepliaklqana
Kikubaaqudgha
Makhleb
Nemelex Xobeh
Okawaru
Qazlal
Ru
Sif Muna
Trog
Uskayaw
Vehumet
Wu Jian
Xom
Yredelemnul
Zin
The Shining One

Shops:
D:5 =

Annotations:
D:10 Josephine


Innate Abilities, Weirdness & Mutations

You reflexively headbutt those who attack you in melee.
You have a pair of horns on your head.


Message History

The wraith barely misses you.
You slash the wraith! Your headbutt misses the wraith.
The wraith is moderately damaged.
You hit Josephine. You hit the wraith. You slash the wraith!
Josephine hits you but does no damage. The wraith hits you but does no damage.
The wraith hits you! The wraith drains your vigour!
You feel as though you will be slow longer.
You block the wraith's attack.
You barely miss the wraith. Your headbutt misses the wraith.
The wraith is moderately damaged.
You slash Josephine! You hit the wraith. x2
Josephine says, "How about some decapitation?"
Josephine hits you but does no damage. The wraith hits you but does no damage.
The wraith hits you! The wraith drains your vigour!
You feel as though you will be slow longer.
You block the wraith's attack.
Josephine grins evilly.
Josephine points at you and mumbles some strange words.
The ghostly flame explodes!
The ghostly fireball engulfs you!
You feel drained.
You die...

### #.# ..# #.# #.#
... .# ##+# #.# #.#
.# ##...# #.# #.##
.# #.....# ##.#
#..##.#
.......######..#####
#.....##
......W.##.........#
.).....+
......W@'..#######.#
#.....##
......@W##.# #.#
......# .......###.#
#.# ####.## #.....#
#.# #.# #.# ##...#
#.# #.# ####.# ##+#
#.# #.# .....# #.#
#.#######.# ######
#.# #.........# #
##.#### ####.######


You could see Josephine and 3 wraiths.

Vanquished Creatures
  Harold (D:8)
  2 two-headed ogres (D:9)
  An unseen horror (D:10)
  Pikel (D:7)
  2 trolls (D:9)
  3 hippogriffs
  Sigmund (D:4)
  A wyvern (D:11)
  A basilisk (D:11)
  3 wargs (D:9)
  2 sky beasts
  3 orc warriors (D:9)
  3 ice beasts
  A phantom (D:5)
  A necrophage (D:10)
  An eye of draining (D:9)
  A slave (D:6)
  2 centaurs
  7 ogres
  A crocodile (D:9)
  5 bullfrogs
  A gnoll sergeant (D:11)
  A water moccasin zombie (D:9)
  A scorpion (D:4)
  6 killer bees (D:8)
  4 wights (D:8)
  4 howler monkeys
  2 bullfrog zombies
  4 crimson imps
  A centaur zombie (D:3)
  7 hounds
  2 quasits
  2 centaur skeletons
  2 jellies
  12 orc wizards
  Crazy Yiuf (D:2)
  A gnoll shaman (D:4)
  9 orc priests
  A bullfrog skeleton (D:6)
  Jessica (D:2)
  5 iguanas
  3 worker ants
  A killer bee zombie (D:8)
  A big kobold zombie (Ossuary)
  2 hound zombies
  8 mummies (Ossuary)
  2 worker ant zombies
  A howler monkey skeleton (D:8)
  14 gnolls
  14 adders
  3 shadow imps
  2 adder zombies (D:3)
  2 worms
  2 dart slugs
  6 leopard geckos
  43 orcs
  7 giant cockroaches
  5 goblins
  12 hobgoblins
  3 jackals
  3 quokkas
  A ball python skeleton (D:4)
  9 bats
  5 frilled lizards
  2 gnoll zombies (Ossuary)
  A hobgoblin zombie (Ossuary)
  A jackal zombie (D:3)
  4 kobolds
  3 kobold zombies (Ossuary)
  A leopard gecko zombie (D:8)
  An orc zombie (Ossuary)
  A quokka zombie (D:8)
  3 rats
276 creatures vanquished.

Vanquished Creatures (others)
  2 bullfrogs (D:7)
  A crimson imp (D:7)
  A worker ant (D:7)
  An adder (D:7)
5 creatures vanquished.

Grand Total: 281 creatures vanquished

Notes
Turn   | Place    | Note
-------+----------+-------------------------------------------
     0 | D:1      | Loudmushroom the Minotaur Fighter began the quest for the Orb.
     0 | D:1      | Reached XP level 1. HP: 19/19 MP: 0/0
   138 | D:1      | Reached XP level 2. HP: 27/27 MP: 1/1
   324 | D:1      | Reached skill level 3 in Axes
  1021 | D:2      | Reached XP level 3. HP: 33/33 MP: 2/2
  1486 | D:2      | Noticed Jessica
  1502 | D:2      | Killed Jessica
  1502 | D:2      | Reached XP level 4. HP: 32/40 MP: 3/3
  1652 | D:2      | Reached skill level 4 in Axes
  1690 | D:2      | Found a runed door.
  1757 | D:2      | Noticed Crazy Yiuf
  1763 | D:2      | Killed Crazy Yiuf
  2182 | D:3      | Reached XP level 5. HP: 45/47 MP: 4/4
  2528 | D:3      | Reached skill level 5 in Axes
  2540 | D:3      | Reached XP level 6. HP: 9/55 MP: 5/5
  2908 | D:3      | Reached skill level 5 in Fighting
  3029 | D:3      | Reached skill level 5 in Armour
  3060 | D:3      | Reached skill level 5 in Shields
  3368 | D:4      | Found a shadowy altar of Dithmenos.
  3628 | D:4      | Noticed Sigmund
  3636 | D:4      | Killed Sigmund
  3636 | D:4      | Reached skill level 6 in Axes
  3636 | D:4      | Reached XP level 7. HP: 50/61 MP: 6/6
  3664 | D:4      | Found a sand-covered staircase.
  3673 | Ossuary  | Entered an ossuary
  4307 | D:4      | Reached skill level 7 in Axes
  4846 | D:4      | Reached XP level 8. HP: 68/70 MP: 7/7
  4873 | D:4      | Found a staircase to the Ecumenical Temple.
  4887 | Temple   | Entered the Ecumenical Temple
  5218 | Temple   | Became a worshipper of Makhleb the Destroyer
  5433 | D:5      | Entered Level 5 of the Dungeon
  5612 | D:5      | Reached skill level 8 in Axes
  5771 | D:5      | Found Zicosh's Jewellery Emporium.
  5777 | D:5      | Bought an uncursed ring of poison resistance for 280 gold pieces
  6139 | D:6      | Reached * piety under Makhleb
  6543 | D:6      | Reached skill level 9 in Axes
  6759 | D:6      | Reached XP level 9. HP: 78/79 MP: 8/8
  7322 | D:7      | Noticed Pikel
  7358 | D:7      | Paralysed by Pikel for 4 turns
  7364 | D:7      | Paralysed by Pikel for 7 turns
  7379 | D:7      | Killed Pikel
  7811 | D:7      | Reached skill level 10 in Axes
  7939 | D:7      | Reached ** piety under Makhleb
  8285 | D:8      | Noticed Harold
  8302 | D:8      | Killed Harold
  8302 | D:8      | Reached skill level 1 in Invocations
  8302 | D:8      | Reached skill level 1 in Evocations
  8518 | D:8      | Reached XP level 10. HP: 29/89 MP: 10/10
  9288 | D:8      | Reached skill level 11 in Axes
  9350 | D:8      | Reached *** piety under Makhleb
  9885 | D:9      | Found a staircase to the Lair.
  9895 | D:9      | HP: 4/90 [warg (7)]
  9906 | D:9      | HP: 2/90 [warg (5)]
 10352 | D:9      | Noticed a two-headed ogre
 10381 | D:9      | Killed a two-headed ogre
 10655 | D:9      | Noticed a two-headed ogre
 10692 | D:9      | Killed a two-headed ogre
 10949 | D:9      | Found an iron altar of Okawaru.
 10984 | D:9      | Reached **** piety under Makhleb
 11010 | D:9      | Reached skill level 12 in Axes
 11015 | D:9      | Reached XP level 11. HP: 62/97 MP: 12/12
 11347 | D:10     | Entered Level 10 of the Dungeon
 11636 | D:10     | Found the amulet of the Air {Inacc +Fly rElec EV+5 RMsl}
 11711 | D:10     | You fall through a shaft!
 11937 | D:10     | Found a staircase to the Orcish Mines.
 12042 | D:10     | Noticed an unseen horror
 12060 | D:10     | Killed an unseen horror
 12172 | D:10     | Noticed Josephine
 12182 | D:10     | Killed from afar by Josephine

Skill      XL: |  1  2  3  4  5  6  7  8  9 10 11 |
---------------+----------------------------------+-----
Axes           | 3 4 5 6 7 9 10 12 | 12.4
Fighting       | 4 5 6 7 8 9 |  9.6
Shields        | 4 5 6 7 8 9 |  9.5
Armour         | 4 5 6 7 8 9 |  9.5
Invocations    | 2 3 4 |  4.3
Evocations     | 2 3 4 |  4.1

Action                   |  1- 3 |  4- 6 |  7- 9 | 10-12 || total
-------------------------+-------+-------+-------+-------++-------
Melee: War axe           |    94 |   183 |   323 |   332 ||   932
       Headbutt          |     8 |    36 |    67 |    54 ||   165
 Fire: Hunting sling     |       |     3 |     3 |     2 ||     8
Invok: Lesser Servant of |       |       |       |     2 ||     2
  Use: Scroll            |       |       |    17 |     4 ||    21
 Stab: Distracted        |       |       |     1 |     1 ||     2
  Eat: Chunk             |     2 |     7 |     6 |     8 ||    23
       Ration            |       |       |     3 |     1 ||     4
Armor: Scale mail        |    22 |       |       |       ||    22
       Plate armour      |    27 |    79 |   209 |   204 ||   519
Dodge: Dodged            |    34 |    25 |    63 |    58 ||   180
Block: Shield            |    69 |    98 |   188 |   214 ||   569
